Blues vs Hurricanes

Created - 3 janvier 2018 at 22:38

Goals
1 2 3 T
Blues 1 1 0 2
Hurricanes 2 0 2 4
Shots
1 2 3 T
Blues 7 7 14 28
Hurricanes 14 9 6 29

1st period

1. Blues , John-Michael Liles 6 (Cal Clutterbuck 7, Jiri Hudler 6) at 3:26
2. Hurricanes , Lee Stempniak 7 (Keith Yandle 14, Leo Komarov 14) at 14:30
3. Hurricanes , Lee Stempniak 8 (Zach Parise 13, Brian Dumoulin 6) at 16:08

Penalties :
Brad Richardson (CAR) for Tripping (Minor) at 6:24, Cal Clutterbuck (STL) for Slashing (Minor) at 17:43

2nd period

4. Blues , Mike Fisher 13 (Johnny Boychuk 9, Brian Gionta 15) at 5:06

Penalties :
Dwight King (STL) for Roughing (Minor) at 10:11

3rd period

5. Hurricanes , Lee Stempniak 9 (Zach Parise 14) at 8:51
6. Hurricanes , Dustin Byfuglien 6 (Michael Frolik 15, Nick Foligno 24) at 19:44 (Empty Net)

Penalties :
Zach Parise (CAR) for Hooking (Minor) at 0:43

Goalie Stats

Ryan Miller (STL), 25 saves from 28 shots - (0.893), L, 8-12-2, 59:17 minutes
Frederik Andersen (CAR), 26 saves from 28 shots - (0.929), W, 22-13-4, 60:00 minutes

Players Stats for Blues

Player Name              G  A  P  +/- PIM S  H  SB GA TA FO     MP     PP MP  PK MP  
------------------------------------------------------------------------------------
Adam Cracknell           0  0  0  -1  0   1  3  0  0  0  0/3    14:05   0:12   0:00 
Brian Flynn              0  0  0  -1  0   0  0  0  0  0  11/19  15:05   0:12   0:31 
Brian Gionta             0  1  1  -2  0   3  0  0  0  0  0/0    19:15   0:00   2:39 
Cal Clutterbuck          0  1  1   1  2   1  2  0  0  0  0/0     5:25   0:00   0:00 
Carl Gunnarsson          0  0  0   0  0   0  0  0  0  0  0/0     2:16   0:00   0:00 
Chris Wideman            0  0  0   0  0   0  2  3  0  0  0/0    16:43   0:12   1:22 
Dwight King              0  0  0   0  2   1  3  0  0  0  1/1    18:26   2:00   0:00 
Jay Bouwmeester          0  0  0  -1  0   1  1  2  0  0  0/0    24:35   2:09   2:36 
Jay McClement            0  0  0   0  0   2  0  0  0  0  17/22  18:07   2:00   0:00 
Jiri Hudler              0  1  1   1  0   1  0  0  0  0  1/1     5:38   0:12   0:00 
John-Michael Liles       1  0  1  -1  0   1  2  2  0  0  0/0    17:05   1:49   0:00 
Johnny Boychuk           0  1  1  -2  0   3  1  1  0  0  0/0    24:14   1:57   2:36 
Kris Versteeg            0  0  0  -1  0   2  2  0  0  0  2/4    16:14   1:46   0:53 
Marian Hossa             0  0  0   0  0   4  0  0  0  0  0/2    19:34   2:00   1:07 
Matt Irwin               0  0  0   0  0   0  2  0  0  0  0/0    18:05   0:00   0:00 
Mike Fisher              1  0  1  -1  0   5  1  0  0  0  26/39  24:42   1:46   1:39 
Niklas Kronwall          0  0  0   0  0   0  1  0  0  0  0/0    17:02   1:49   1:22 
Rick Nash                0  0  0  -2  0   3  0  0  0  0  0/0    19:29   1:46   1:07 

Players Stats for Hurricanes

Player Name              G  A  P  +/- PIM S  H  SB GA TA FO     MP     PP MP  PK MP  
------------------------------------------------------------------------------------
Alex Chiasson            0  0  0  -1  0   0  0  0  0  0  0/0    10:30   0:00   0:00 
Brad Richardson          0  0  0  -1  2   2  1  0  0  0  0/0    11:15   0:00   0:46 
Brett Pesce              0  0  0   0  0   1  0  2  0  0  0/0    18:46   1:46   1:50 
Brian Dumoulin           0  1  1   1  0   0  2  1  0  0  0/0    16:34   0:00   0:00 
Carl Hagelin             0  0  0   1  0   1  0  0  0  0  6/29   17:26   0:00   0:14 
Derek Ryan               0  0  0  -1  0   2  1  0  0  0  14/21  12:39   1:49   0:20 
Dustin Byfuglien         1  0  1   1  0   4  4  3  0  0  0/0    24:40   2:12   2:08 
Jon Merrill              0  0  0   1  0   0  2  0  0  0  0/0    16:34   0:00   0:00 
Keith Yandle             0  1  1   1  0   0  2  0  0  0  0/0    24:40   2:12   2:08 
Lee Stempniak            3  0  3   2  0   8  1  0  0  0  0/1    17:21   2:09   0:00 
Leo Komarov              0  1  1   2  0   1  1  0  0  0  7/20   18:45   2:09   1:24 
Liam OBrien              0  0  0   0  0   0  0  0  0  0  3/7     9:10   0:00   0:00 
Marcus Foligno           0  0  0   0  0   0  1  0  0  0  0/1     9:10   0:00   0:00 
Michael Frolik           0  1  1   1  0   1  3  0  0  0  1/6    21:15   1:49   2:14 
Nick Foligno             0  1  1   1  0   2  4  0  0  0  2/3    21:21   1:49   2:20 
Patrick Wiercioch        0  0  0   0  0   1  1  0  0  0  0/0    18:46   1:46   1:50 
Tom Pyatt                0  0  0   0  0   2  0  0  0  0  0/1     9:10   0:00   0:00 
Zach Parise              0  2  2   2  2   4  1  0  0  0  0/2    17:58   2:09   0:38 

3 Stars

1 - Lee Stempniak (CAR)
2 - Dustin Byfuglien (CAR)
3 - Nick Foligno (CAR)

Power Play

Blues - 0 on 2 Attempt(s) - 0.00%
Hurricanes - 0 on 2 Attempt(s) - 0.00%

Penalty Kill

Blues - 2 on 2 Attempt(s) - 100.00% - Score 0 goal in Penalty Kill
Hurricanes - 2 on 2 Attempt(s) - 100.00% - Score 0 goal in Penalty Kill

Team Stat

Blues - Hits : 20 - Faceoff Wins : 58 - Blocked Shots : 8 - Penalty Minutes : 4
Hurricanes - Hits : 24 - Faceoff Wins : 33 - Blocked Shots : 6 - Penalty Minutes : 4

Official

Referees : Jean Hebert and Tim Peel
Linesman : Scott Driscoll and Mike Cvik

Game Notes

Lee Stempniak has scored a Hat Trick!
Niklas Kronwall is injured at 9:13 of 3rd period (Right Knee)
Dustin Byfuglien has scored in a empty net!

Finance

Level 1 -- Attendance: 4518 (75.30%) -- Ticket Income 533 124 $
Level 2 -- Attendance: 4957 (99.14%) -- Ticket Income 371 775 $
Level 3 -- Attendance: 3421 (97.74%) -- Ticket Income 164 208 $
Level 4 -- Attendance: 2626 (82.58%) -- Ticket Income 78 780 $
Luxury Box -- Attendance: 956 (95.60%) -- Ticket Income 201 716 $
Game was played at the PNC Arena.
Total Attendance: 16478 (88.21%)
Total Ticket Income: 1 349 603 $
Other Income: 202 440 $
Total Income: 1 552 043 $

% Time on Ice - Blues

Lines # - Real PCT - Wanted PCT - Time Play
Normal Forward
1 - 31% - 40% - 15:51
2 - 32% - 30% - 16:27
3 - 26% - 20% - 13:35
4 - 11% - 10% - 5:26
Normal Defense
1 - 37% - 40% - 18:57
2 - 37% - 30% - 19:10
3 - 24% - 20% - 12:10
4 - 2% - 10% - 1:02
PP Forward
1 - 50% - 60% - 1:58
2 - 50% - 40% - 2:00
PP Defense
1 - 54% - 60% - 2:09
2 - 46% - 40% - 1:49
PK Forward
1 - 72% - 60% - 2:51
2 - 28% - 40% - 1:07
PK Defense
1 - 66% - 60% - 2:36
2 - 34% - 40% - 1:22
PK3 Forward
1 - 0% - 60%
2 - 0% - 40%
PK3 Defense
1 - 0% - 60%
2 - 0% - 40%
44 Forward
1 - 0% - 60%
2 - 0% - 40%
44 Defense
1 - 0% - 60%
2 - 0% - 40%
Last Minute Offensive  - 0:45
Last Minute Defensive  - 0:00
Total
Forward - 60:00
Defense - 60:00

% Time on Ice - Hurricanes

Lines # - Real PCT - Wanted PCT - Time Play
Normal Forward
1 - 32% - 40% - 16:35
2 - 30% - 30% - 15:12
3 - 20% - 20% - 10:30
4 - 18% - 10% - 9:10
Normal Defense
1 - 35% - 40% - 17:59
2 - 29% - 30% - 15:10
3 - 32% - 20% - 16:34
4 - 3% - 10% - 1:44
PP Forward
1 - 46% - 60% - 1:49
2 - 54% - 40% - 2:09
PP Defense
1 - 55% - 60% - 2:12
2 - 45% - 40% - 1:46
PK Forward
1 - 65% - 60% - 2:34
2 - 35% - 40% - 1:24
PK Defense
1 - 54% - 60% - 2:08
2 - 46% - 40% - 1:50
PK3 Forward
1 - 0% - 60%
2 - 0% - 40%
PK3 Defense
1 - 0% - 60%
2 - 0% - 40%
44 Forward
1 - 0% - 60%
2 - 0% - 40%
44 Defense
1 - 0% - 60%
2 - 0% - 40%
Last Minute Offensive  - 0:00
Last Minute Defensive  - 0:37
Total
Forward - 60:00
Defense - 60:00

Play by Play

1st period


0:01 of 1st period - Mike Fisher wins face-off versus Carl Hagelin in neutral zone.
0:32 of 1st period - Jay Bouwmeester is hit by Nick Foligno and loses puck.
1:41 of 1st period - Shot by Marian Hossa.
1:41 of 1st period - Stopped by Frederik Andersen without a rebound.
1:42 of 1st period - Derek Ryan wins face-off versus Brian Flynn in Hurricanes zone.
1:42 of 1st period - Derek Ryan is hit by Kris Versteeg.
2:03 of 1st period - Shot by Alex Chiasson.
2:03 of 1st period - Shot Misses the Net.
2:24 of 1st period - Icing by Derek Ryan.
2:25 of 1st period - Derek Ryan wins face-off versus Marian Hossa in Hurricanes zone.
2:25 of 1st period - Derek Ryan is hit by Dwight King.
2:51 of 1st period - Shot by Marian Hossa.
2:51 of 1st period - Stopped by Frederik Andersen with a rebound.
2:53 of 1st period - Shot by Marian Hossa.
2:53 of 1st period - Shot Misses the Net.
3:24 of 1st period - Shot by Cal Clutterbuck.
3:24 of 1st period - Stopped by Frederik Andersen with a rebound.
3:26 of 1st period - Shot by John-Michael Liles.
3:26 of 1st period - Goal by John-Michael Liles - Blues : 1 - Hurricanes : 0.
3:27 of 1st period - Brian Flynn wins face-off versus Carl Hagelin in neutral zone.
3:43 of 1st period - Icing by Dustin Byfuglien.
3:44 of 1st period - Carl Hagelin wins face-off versus Mike Fisher in Hurricanes zone.
3:50 of 1st period - Michael Frolik is hit by John-Michael Liles and loses puck.
4:04 of 1st period - Mike Fisher is hit by Michael Frolik and loses puck.
4:13 of 1st period - Shot by Nick Foligno.
4:13 of 1st period - Shot Blocked by Chris Wideman.
4:15 of 1st period - Shot by Michael Frolik.
4:15 of 1st period - Shot Misses the Net.
4:22 of 1st period - Icing by John-Michael Liles.
4:23 of 1st period - Mike Fisher wins face-off versus Leo Komarov in Blues zone.
4:23 of 1st period - Mike Fisher is hit by Zach Parise.
4:38 of 1st period - Shot by Zach Parise.
4:38 of 1st period - Stopped by Ryan Miller without a rebound.
4:39 of 1st period - Jay McClement wins face-off versus Liam OBrien in Blues zone.
4:50 of 1st period - Shot by Dwight King.
4:50 of 1st period - Shot Misses the Net.
5:46 of 1st period - Shot by Adam Cracknell.
5:46 of 1st period - Stopped by Frederik Andersen without a rebound.
5:47 of 1st period - Carl Hagelin wins face-off versus Mike Fisher in Hurricanes zone.
6:06 of 1st period - Shot by Brian Gionta.
6:06 of 1st period - Stopped by Frederik Andersen without a rebound.
6:07 of 1st period - Brian Flynn wins face-off versus Derek Ryan in Hurricanes zone.
6:11 of 1st period - Icing by Dustin Byfuglien.
6:12 of 1st period - Brian Flynn wins face-off versus Derek Ryan in Hurricanes zone.
6:24 of 1st period - Minor Penalty to Brad Richardson for Tripping.
6:25 of 1st period - Jay McClement wins face-off versus Michael Frolik in Hurricanes zone.
8:35 of 1st period - Shot by Tom Pyatt.
8:35 of 1st period - Stopped by Ryan Miller without a rebound.
8:36 of 1st period - Derek Ryan wins face-off versus Mike Fisher in Blues zone.
8:48 of 1st period - Shot by Derek Ryan.
8:48 of 1st period - Stopped by Ryan Miller without a rebound.
8:49 of 1st period - Leo Komarov wins face-off versus Brian Flynn in Blues zone.
8:52 of 1st period - Shot by Lee Stempniak.
8:52 of 1st period - Stopped by Ryan Miller without a rebound.
8:53 of 1st period - Brian Flynn wins face-off versus Leo Komarov in Blues zone.
9:21 of 1st period - Shot by Johnny Boychuk.
9:21 of 1st period - Stopped by Frederik Andersen without a rebound.
9:22 of 1st period - Jay McClement wins face-off versus Carl Hagelin in Hurricanes zone.
9:22 of 1st period - Jay McClement is hit by Keith Yandle.
9:59 of 1st period - Nick Foligno is hit by John-Michael Liles and loses puck.
10:27 of 1st period - Off-side.
10:28 of 1st period - Mike Fisher wins face-off versus Leo Komarov in neutral zone.
10:39 of 1st period - Icing by Brett Pesce.
10:40 of 1st period - Kris Versteeg wins face-off versus Leo Komarov in Hurricanes zone.
10:59 of 1st period - Icing by Matt Irwin.
11:00 of 1st period - Brian Flynn wins face-off versus Carl Hagelin in Blues zone.
11:28 of 1st period - Icing by Dustin Byfuglien.
11:29 of 1st period - Mike Fisher wins face-off versus Carl Hagelin in Hurricanes zone.
12:37 of 1st period - Shot by Leo Komarov.
12:37 of 1st period - Deflect By Lee Stempniak.
12:37 of 1st period - Shot Misses the Net.
12:39 of 1st period - Shot by Zach Parise.
12:39 of 1st period - Stopped by Ryan Miller without a rebound.
12:40 of 1st period - Derek Ryan wins face-off versus Brian Flynn in Blues zone.
12:43 of 1st period - Shot by Brad Richardson.
12:43 of 1st period - Stopped by Ryan Miller without a rebound.
12:44 of 1st period - Derek Ryan wins face-off versus Adam Cracknell in Blues zone.
12:45 of 1st period - Shot by Brad Richardson.
12:45 of 1st period - Stopped by Ryan Miller without a rebound.
12:46 of 1st period - Derek Ryan wins face-off versus Jay McClement in Blues zone.
12:52 of 1st period - Marian Hossa is hit by Derek Ryan and loses puck.
13:01 of 1st period - Derek Ryan is hit by Niklas Kronwall and loses puck.
13:17 of 1st period - Icing by Brian Dumoulin.
13:18 of 1st period - Mike Fisher wins face-off versus Derek Ryan in Hurricanes zone.
13:40 of 1st period - Mike Fisher is hit by Brian Dumoulin and loses puck.
13:44 of 1st period - Icing by Brian Dumoulin.
13:45 of 1st period - Derek Ryan wins face-off versus Brian Flynn in Hurricanes zone.
13:51 of 1st period - Off-side.
13:52 of 1st period - Jay McClement wins face-off versus Carl Hagelin in neutral zone.
14:00 of 1st period - Off-side.
14:01 of 1st period - Mike Fisher wins face-off versus Leo Komarov in neutral zone.
14:14 of 1st period - Zach Parise is hit by Johnny Boychuk and loses puck.
14:30 of 1st period - Shot by Lee Stempniak.
14:30 of 1st period - Goal by Lee Stempniak - Blues : 1 - Hurricanes : 1.
14:31 of 1st period - Dwight King wins face-off versus Carl Hagelin in neutral zone.
16:08 of 1st period - Shot by Lee Stempniak.
16:08 of 1st period - Goal by Lee Stempniak - Blues : 1 - Hurricanes : 2.
16:09 of 1st period - Derek Ryan wins face-off versus Adam Cracknell in neutral zone.
16:16 of 1st period - Shot by Derek Ryan.
16:16 of 1st period - Shot Misses the Net.
16:43 of 1st period - Shot by Brad Richardson.
16:43 of 1st period - Shot Misses the Net.
16:54 of 1st period - Lee Stempniak is hit by Chris Wideman and loses puck.
16:57 of 1st period - Shot by Leo Komarov.
16:57 of 1st period - Shot Misses the Net.
17:08 of 1st period - Shot by Leo Komarov.
17:08 of 1st period - Shot Hit the Post.
17:10 of 1st period - Shot by Lee Stempniak.
17:10 of 1st period - Shot Misses the Net.
17:12 of 1st period - Shot by Patrick Wiercioch.
17:12 of 1st period - Stopped by Ryan Miller without a rebound.
17:13 of 1st period - Mike Fisher wins face-off versus Carl Hagelin in Blues zone.
17:34 of 1st period - Shot by Nick Foligno.
17:34 of 1st period - Shot Misses the Net.
17:36 of 1st period - Shot by Carl Hagelin.
17:36 of 1st period - Stopped by Ryan Miller without a rebound.
17:37 of 1st period - Mike Fisher wins face-off versus Zach Parise in Blues zone.
17:41 of 1st period - Off-side.
17:42 of 1st period - Leo Komarov wins face-off versus Mike Fisher in neutral zone.
17:42 of 1st period - Leo Komarov is hit by Cal Clutterbuck.
17:43 of 1st period - Minor Penalty to Cal Clutterbuck for Slashing.
17:44 of 1st period - Mike Fisher wins face-off versus Michael Frolik in Blues zone.
18:05 of 1st period - Shot by Dustin Byfuglien.
18:05 of 1st period - Stopped by Ryan Miller without a rebound.
18:06 of 1st period - Leo Komarov wins face-off versus Mike Fisher in Blues zone.
18:07 of 1st period - Shot by Zach Parise.
18:07 of 1st period - Stopped by Ryan Miller with a rebound.
18:09 of 1st period - Shot by Lee Stempniak.
18:09 of 1st period - Stopped by Ryan Miller without a rebound.
18:10 of 1st period - Mike Fisher wins face-off versus Zach Parise in Blues zone.
Goals for this period are 1 for Blues vs 2 for Hurricanes.
Shots for this period are 7 for Blues vs 14 for Hurricanes.

2nd period


0:01 of 2nd period - Mike Fisher wins face-off versus Carl Hagelin in neutral zone.
0:18 of 2nd period - Shot by Carl Hagelin.
0:18 of 2nd period - Deflect By Nick Foligno.
0:18 of 2nd period - Shot Misses the Net.
0:20 of 2nd period - Shot by Michael Frolik.
0:20 of 2nd period - Shot Misses the Net.
0:55 of 2nd period - Icing by Brett Pesce.
0:56 of 2nd period - Jay McClement wins face-off versus Leo Komarov in Hurricanes zone.
1:29 of 2nd period - Shot by Marian Hossa.
1:29 of 2nd period - Shot Misses the Net.
2:25 of 2nd period - Icing by Kris Versteeg.
2:26 of 2nd period - Brian Flynn wins face-off versus Carl Hagelin in Blues zone.
2:26 of 2nd period - Brian Flynn is hit by Michael Frolik.
2:36 of 2nd period - Off-side.
2:37 of 2nd period - Liam OBrien wins face-off versus Mike Fisher in neutral zone.
2:44 of 2nd period - Shot by Tom Pyatt.
2:44 of 2nd period - Stopped by Ryan Miller with a rebound.
3:13 of 2nd period - Shot by Mike Fisher.
3:13 of 2nd period - Stopped by Frederik Andersen without a rebound.
3:14 of 2nd period - Brian Flynn wins face-off versus Carl Hagelin in Hurricanes zone.
3:43 of 2nd period - Brett Pesce is hit by Adam Cracknell and loses puck.
3:55 of 2nd period - Icing by Brett Pesce.
3:56 of 2nd period - Mike Fisher wins face-off versus Carl Hagelin in Hurricanes zone.
4:10 of 2nd period - Icing by Patrick Wiercioch.
4:11 of 2nd period - Jay McClement wins face-off versus Carl Hagelin in Hurricanes zone.
4:12 of 2nd period - Shot by Marian Hossa.
4:12 of 2nd period - Stopped by Frederik Andersen with a rebound.
4:37 of 2nd period - Shot by Lee Stempniak.
4:37 of 2nd period - Stopped by Ryan Miller without a rebound.
4:38 of 2nd period - Derek Ryan wins face-off versus Mike Fisher in Blues zone.
4:39 of 2nd period - Shot by Brad Richardson.
4:39 of 2nd period - Shot Misses the Net.
4:41 of 2nd period - Shot by Brian Dumoulin.
4:41 of 2nd period - Shot Misses the Net.
4:46 of 2nd period - Icing by Johnny Boychuk.
4:47 of 2nd period - Leo Komarov wins face-off versus Mike Fisher in Blues zone.
4:53 of 2nd period - Shot by Zach Parise.
4:53 of 2nd period - Stopped by Ryan Miller without a rebound.
4:54 of 2nd period - Mike Fisher wins face-off versus Leo Komarov in Blues zone.
4:54 of 2nd period - Mike Fisher is hit by Leo Komarov.
5:04 of 2nd period - Shot by Johnny Boychuk.
5:04 of 2nd period - Shot Misses the Net.
5:06 of 2nd period - Shot by Mike Fisher.
5:06 of 2nd period - Goal by Mike Fisher - Blues : 2 - Hurricanes : 2.
5:07 of 2nd period - Jay McClement wins face-off versus Derek Ryan in neutral zone.
7:07 of 2nd period - Shot by Leo Komarov.
7:07 of 2nd period - Shot Misses the Net.
7:21 of 2nd period - Shot by Leo Komarov.
7:21 of 2nd period - Shot Blocked by Jay Bouwmeester.
7:23 of 2nd period - Shot by Zach Parise.
7:23 of 2nd period - Shot Blocked by Johnny Boychuk.
8:22 of 2nd period - Shot by Alex Chiasson.
8:22 of 2nd period - Shot Blocked by Chris Wideman.
8:32 of 2nd period - Shot by Derek Ryan.
8:32 of 2nd period - Shot Misses the Net.
8:43 of 2nd period - Icing by Chris Wideman.
8:44 of 2nd period - Carl Hagelin wins face-off versus Adam Cracknell in Blues zone.
8:57 of 2nd period - Shot by Michael Frolik.
8:57 of 2nd period - Shot Blocked by Chris Wideman.
8:59 of 2nd period - Shot by Michael Frolik.
8:59 of 2nd period - Shot Misses the Net.
9:01 of 2nd period - Shot by Carl Hagelin.
9:01 of 2nd period - Shot Misses the Net.
9:03 of 2nd period - Shot by Michael Frolik.
9:03 of 2nd period - Shot Blocked by John-Michael Liles.
9:05 of 2nd period - Shot by Michael Frolik.
9:05 of 2nd period - Stopped by Ryan Miller without a rebound.
9:06 of 2nd period - Jay McClement wins face-off versus Lee Stempniak in Blues zone.
9:11 of 2nd period - Shot by Niklas Kronwall.
9:11 of 2nd period - Shot Misses the Net.
9:19 of 2nd period - Shot by Marian Hossa.
9:19 of 2nd period - Stopped by Frederik Andersen without a rebound.
9:20 of 2nd period - Liam OBrien wins face-off versus Jay McClement in Hurricanes zone.
9:20 of 2nd period - Marcus Foligno is hit by Dwight King and loses puck.
9:26 of 2nd period - Marian Hossa is hit by Brian Dumoulin and loses puck.
9:31 of 2nd period - Shot by Marian Hossa.
9:31 of 2nd period - Shot Misses the Net.
9:33 of 2nd period - Shot by Marian Hossa.
9:33 of 2nd period - Deflect By Jay McClement.
9:33 of 2nd period - Shot Misses the Net.
9:35 of 2nd period - Shot by Dwight King.
9:35 of 2nd period - Shot Misses the Net.
9:37 of 2nd period - Shot by Jay McClement.
9:37 of 2nd period - Stopped by Frederik Andersen without a rebound.
9:38 of 2nd period - Carl Hagelin wins face-off versus Mike Fisher in Hurricanes zone.
9:46 of 2nd period - Cal Clutterbuck is hit by Dustin Byfuglien and loses puck.
10:01 of 2nd period - Mike Fisher is hit by Nick Foligno and loses puck.
10:05 of 2nd period - Niklas Kronwall is hit by Dustin Byfuglien and loses puck.
10:11 of 2nd period - Minor Penalty to Dwight King for Roughing.
10:12 of 2nd period - Brian Flynn wins face-off versus Leo Komarov in Blues zone.
10:40 of 2nd period - Shot by Zach Parise.
10:40 of 2nd period - Shot Misses the Net.
10:42 of 2nd period - Shot by Lee Stempniak.
10:42 of 2nd period - Stopped by Ryan Miller without a rebound.
10:43 of 2nd period - Derek Ryan wins face-off versus Marian Hossa in Blues zone.
10:52 of 2nd period - Shot by Nick Foligno.
10:52 of 2nd period - Stopped by Ryan Miller with a rebound.
10:54 of 2nd period - Shot by Dustin Byfuglien.
10:54 of 2nd period - Stopped by Ryan Miller without a rebound.
10:55 of 2nd period - Derek Ryan wins face-off versus Mike Fisher in Blues zone.
13:17 of 2nd period - Shot by Mike Fisher.
13:17 of 2nd period - Stopped by Frederik Andersen without a rebound.
13:18 of 2nd period - Carl Hagelin wins face-off versus Kris Versteeg in Hurricanes zone.
13:18 of 2nd period - Michael Frolik is hit by Adam Cracknell.
13:19 of 2nd period - Icing by Michael Frolik.
13:20 of 2nd period - Brian Flynn wins face-off versus Carl Hagelin in Hurricanes zone.
13:20 of 2nd period - Brian Flynn is hit by Dustin Byfuglien.
14:34 of 2nd period - Shot by Marian Hossa.
14:34 of 2nd period - Shot Misses the Net.
15:49 of 2nd period - Icing by Mike Fisher.
15:50 of 2nd period - Mike Fisher wins face-off versus Liam OBrien in Blues zone.
15:50 of 2nd period - Mike Fisher is hit by Marcus Foligno.
16:27 of 2nd period - Marcus Foligno is hit by Chris Wideman and loses puck.
16:44 of 2nd period - Shot by Michael Frolik.
16:44 of 2nd period - Shot Misses the Net.
16:46 of 2nd period - Shot by Michael Frolik.
16:46 of 2nd period - Shot Blocked by John-Michael Liles.
16:48 of 2nd period - Shot by Nick Foligno.
16:48 of 2nd period - Stopped by Ryan Miller without a rebound.
16:49 of 2nd period - Jay McClement wins face-off versus Derek Ryan in Blues zone.
17:26 of 2nd period - Off-side.
17:27 of 2nd period - Brian Flynn wins face-off versus Carl Hagelin in neutral zone.
18:01 of 2nd period - Shot by Kris Versteeg.
18:01 of 2nd period - Stopped by Frederik Andersen with a rebound.
18:32 of 2nd period - Shot by Leo Komarov.
18:32 of 2nd period - Stopped by Ryan Miller without a rebound.
18:33 of 2nd period - Liam OBrien wins face-off versus Brian Flynn in Blues zone.
18:41 of 2nd period - Shot by Marcus Foligno.
18:41 of 2nd period - Deflect By Tom Pyatt.
18:41 of 2nd period - Shot Misses the Net.
18:43 of 2nd period - Shot by Marcus Foligno.
18:43 of 2nd period - Shot Blocked by Jay Bouwmeester.
19:27 of 2nd period - Shot by Mike Fisher.
19:27 of 2nd period - Shot Misses the Net.
19:30 of 2nd period - Mike Fisher is hit by Jon Merrill and loses puck.
19:39 of 2nd period - Shot by Mike Fisher.
19:39 of 2nd period - Shot Misses the Net.
19:41 of 2nd period - Shot by Matt Irwin.
19:41 of 2nd period - Shot Misses the Net.
Goals for this period are 1 for Blues vs 0 for Hurricanes.
Shots for this period are 7 for Blues vs 9 for Hurricanes.

3rd period


0:01 of 3rd period - Mike Fisher wins face-off versus Carl Hagelin in neutral zone.
0:37 of 3rd period - Shot by Carl Hagelin.
0:37 of 3rd period - Shot Misses the Net.
0:40 of 3rd period - Icing by Jay Bouwmeester.
0:41 of 3rd period - Mike Fisher wins face-off versus Leo Komarov in Blues zone.
0:43 of 3rd period - Minor Penalty to Zach Parise for Hooking.
0:44 of 3rd period - Jay McClement wins face-off versus Nick Foligno in Hurricanes zone.
1:25 of 3rd period - Icing by John-Michael Liles.
1:26 of 3rd period - Michael Frolik wins face-off versus Jay McClement in Blues zone.
1:27 of 3rd period - Shot by Dustin Byfuglien.
1:27 of 3rd period - Shot Misses the Net.
1:30 of 3rd period - Icing by Niklas Kronwall.
1:31 of 3rd period - Jay McClement wins face-off versus Michael Frolik in Blues zone.
2:10 of 3rd period - Shot by Johnny Boychuk.
2:10 of 3rd period - Stopped by Frederik Andersen without a rebound.
2:11 of 3rd period - Kris Versteeg wins face-off versus Leo Komarov in Hurricanes zone.
2:38 of 3rd period - Shot by Johnny Boychuk.
2:38 of 3rd period - Stopped by Frederik Andersen without a rebound.
2:39 of 3rd period - Jay McClement wins face-off versus Leo Komarov in Hurricanes zone.
3:12 of 3rd period - Shot by Marian Hossa.
3:12 of 3rd period - Shot Misses the Net.
3:25 of 3rd period - Icing by Brian Dumoulin.
3:26 of 3rd period - Brian Flynn wins face-off versus Marcus Foligno in Hurricanes zone.
4:39 of 3rd period - Shot by Brian Gionta.
4:39 of 3rd period - Shot Misses the Net.
4:41 of 3rd period - Shot by Brian Gionta.
4:41 of 3rd period - Shot Misses the Net.
4:49 of 3rd period - Shot by Brian Gionta.
4:49 of 3rd period - Shot Blocked by Dustin Byfuglien.
4:51 of 3rd period - Shot by Johnny Boychuk.
4:51 of 3rd period - Shot Blocked by Dustin Byfuglien.
4:53 of 3rd period - Shot by Mike Fisher.
4:53 of 3rd period - Stopped by Frederik Andersen without a rebound.
4:54 of 3rd period - Jay McClement wins face-off versus Carl Hagelin in Hurricanes zone.
5:08 of 3rd period - Icing by Niklas Kronwall.
5:09 of 3rd period - Jay McClement wins face-off versus Derek Ryan in Blues zone.
5:15 of 3rd period - Marian Hossa is hit by Patrick Wiercioch and loses puck.
5:18 of 3rd period - Shot by Marian Hossa.
5:18 of 3rd period - Shot Blocked by Brett Pesce.
5:20 of 3rd period - Shot by Jay McClement.
5:20 of 3rd period - Deflect By Marian Hossa.
5:20 of 3rd period - Shot Blocked by Brett Pesce.
5:22 of 3rd period - Shot by Jay McClement.
5:22 of 3rd period - Stopped by Frederik Andersen without a rebound.
5:23 of 3rd period - Mike Fisher wins face-off versus Carl Hagelin in Hurricanes zone.
5:46 of 3rd period - Shot by Mike Fisher.
5:46 of 3rd period - Deflect By Rick Nash.
5:46 of 3rd period - Shot Blocked by Brian Dumoulin.
6:00 of 3rd period - Shot by Mike Fisher.
6:00 of 3rd period - Shot Misses the Net.
6:14 of 3rd period - Shot by Marian Hossa.
6:14 of 3rd period - Shot Misses the Net.
6:19 of 3rd period - Icing by Brian Dumoulin.
6:20 of 3rd period - Nick Foligno wins face-off versus Brian Flynn in Hurricanes zone.
6:20 of 3rd period - Nick Foligno is hit by Kris Versteeg.
6:36 of 3rd period - Shot by Kris Versteeg.
6:36 of 3rd period - Stopped by Frederik Andersen without a rebound.
6:37 of 3rd period - Jay McClement wins face-off versus Leo Komarov in Hurricanes zone.
6:37 of 3rd period - Jay McClement is hit by Dustin Byfuglien.
7:03 of 3rd period - Shot by Dwight King.
7:03 of 3rd period - Stopped by Frederik Andersen without a rebound.
7:04 of 3rd period - Derek Ryan wins face-off versus Mike Fisher in Hurricanes zone.
8:51 of 3rd period - Shot by Lee Stempniak.
8:51 of 3rd period - Goal by Lee Stempniak - Blues : 2 - Hurricanes : 3.
8:52 of 3rd period - Jay McClement wins face-off versus Carl Hagelin in neutral zone.
8:57 of 3rd period - Michael Frolik is hit by Dwight King and loses puck.
9:12 of 3rd period - Niklas Kronwall is hit by Michael Frolik.
9:13 of 3rd period - Niklas Kronwall from Blues is injured at 9:13 of 3rd period (Right Knee).
9:14 of 3rd period - Mike Fisher wins face-off versus Derek Ryan in Blues zone.
9:28 of 3rd period - Shot by Mike Fisher.
9:28 of 3rd period - Stopped by Frederik Andersen with a rebound.
9:30 of 3rd period - Shot by Jay Bouwmeester.
9:30 of 3rd period - Stopped by Frederik Andersen with a rebound.
9:32 of 3rd period - Shot by Johnny Boychuk.
9:32 of 3rd period - Shot Blocked by Dustin Byfuglien.
9:36 of 3rd period - Shot by Mike Fisher.
9:36 of 3rd period - Deflect By Rick Nash.
9:36 of 3rd period - Stopped by Frederik Andersen without a rebound.
9:37 of 3rd period - Jay McClement wins face-off versus Michael Frolik in Hurricanes zone.
9:37 of 3rd period - Marian Hossa is hit by Jon Merrill and loses puck.
9:44 of 3rd period - Jay McClement is hit by Nick Foligno and loses puck.
10:14 of 3rd period - Shot by Carl Hagelin.
10:14 of 3rd period - Shot Misses the Net.
10:34 of 3rd period - Shot by Dustin Byfuglien.
10:34 of 3rd period - Deflect By Lee Stempniak.
10:34 of 3rd period - Stopped by Ryan Miller with a rebound.
10:41 of 3rd period - Zach Parise is hit by Matt Irwin and loses puck.
11:28 of 3rd period - Shot by Derek Ryan.
11:28 of 3rd period - Stopped by Ryan Miller with a rebound.
11:30 of 3rd period - Shot by Brett Pesce.
11:30 of 3rd period - Stopped by Ryan Miller without a rebound.
11:31 of 3rd period - Mike Fisher wins face-off versus Tom Pyatt in Blues zone.
12:37 of 3rd period - Icing by Nick Foligno.
12:38 of 3rd period - Carl Hagelin wins face-off versus Mike Fisher in Hurricanes zone.
12:38 of 3rd period - Carl Hagelin is hit by Cal Clutterbuck.
12:43 of 3rd period - Off-side.
12:44 of 3rd period - Mike Fisher wins face-off versus Leo Komarov in neutral zone.
12:49 of 3rd period - Icing by Brett Pesce.
12:50 of 3rd period - Leo Komarov wins face-off versus Brian Flynn in Hurricanes zone.
13:09 of 3rd period - Leo Komarov is hit by Adam Cracknell and loses puck.
13:17 of 3rd period - Shot by Brian Flynn.
13:17 of 3rd period - Shot Misses the Net.
13:43 of 3rd period - Mike Fisher is hit by Lee Stempniak and loses puck.
13:50 of 3rd period - Shot by Brian Gionta.
13:50 of 3rd period - Stopped by Frederik Andersen without a rebound.
13:51 of 3rd period - Jiri Hudler wins face-off versus Michael Frolik in Hurricanes zone.
14:58 of 3rd period - Icing by John-Michael Liles.
14:59 of 3rd period - Derek Ryan wins face-off versus Brian Flynn in Blues zone.
15:07 of 3rd period - Kris Versteeg is hit by Brad Richardson and loses puck.
15:24 of 3rd period - Icing by John-Michael Liles.
15:25 of 3rd period - Leo Komarov wins face-off versus Kris Versteeg in Blues zone.
17:12 of 3rd period - Shot by Rick Nash.
17:12 of 3rd period - Shot Misses the Net.
17:26 of 3rd period - Shot by Rick Nash.
17:26 of 3rd period - Stopped by Frederik Andersen without a rebound.
17:27 of 3rd period - Mike Fisher wins face-off versus Carl Hagelin in Hurricanes zone.
17:44 of 3rd period - Shot by Jiri Hudler.
17:44 of 3rd period - Stopped by Frederik Andersen without a rebound.
17:45 of 3rd period - Derek Ryan wins face-off versus Jay McClement in Hurricanes zone.
17:56 of 3rd period - Shot by Alex Chiasson.
17:56 of 3rd period - Shot Misses the Net.
18:15 of 3rd period - Brian Dumoulin is hit by Jay Bouwmeester and loses puck.
18:32 of 3rd period - Shot by Dustin Byfuglien.
18:32 of 3rd period - Stopped by Ryan Miller without a rebound.
18:33 of 3rd period - Mike Fisher wins face-off versus Carl Hagelin in Blues zone.
18:33 of 3rd period - Mike Fisher is hit by Nick Foligno.
18:38 of 3rd period - Off-side.
18:39 of 3rd period - Mike Fisher wins face-off versus Carl Hagelin in neutral zone.
18:49 of 3rd period - Mike Fisher is hit by Keith Yandle and loses puck.
18:52 of 3rd period - Shot by Brian Gionta.
18:52 of 3rd period - Shot Misses the Net.
18:54 of 3rd period - Shot by Rick Nash.
18:54 of 3rd period - Stopped by Frederik Andersen without a rebound.
18:55 of 3rd period - Mike Fisher wins face-off versus Liam OBrien in Hurricanes zone.
18:59 of 3rd period - Icing by Dustin Byfuglien.
19:00 of 3rd period - Mike Fisher wins face-off versus Liam OBrien in Hurricanes zone.
19:01 of 3rd period - Blues, Ryan Miller is pulled from the net.
19:07 of 3rd period - Shot by Brian Gionta.
19:07 of 3rd period - Stopped by Frederik Andersen without a rebound.
19:08 of 3rd period - Mike Fisher wins face-off versus Carl Hagelin in Hurricanes zone.
19:31 of 3rd period - Icing by Keith Yandle.
19:32 of 3rd period - Nick Foligno wins face-off versus Mike Fisher in Hurricanes zone.
19:32 of 3rd period - Nick Foligno is hit by Mike Fisher.
19:42 of 3rd period - Shot by Michael Frolik.
19:42 of 3rd period - Shot Misses the Net.
19:44 of 3rd period - Shot by Dustin Byfuglien.
19:44 of 3rd period - Goal by Dustin Byfuglien - Blues : 2 - Hurricanes : 4.
19:44 of 3rd period - Ryan Miller from Blues was sent back in the game.
19:45 of 3rd period - Leo Komarov wins face-off versus Jay McClement in neutral zone.
19:51 of 3rd period - Zach Parise is hit by Matt Irwin and loses puck.
Goals for this period are 0 for Blues vs 2 for Hurricanes.
Shots for this period are 14 for Blues vs 6 for Hurricanes.